[Event "39th OBSenEM 2023"]
[Site "Berlin"]
[Date "2023.01.24"]
[Round "1.1"]
[White "Fiss, Wolfgang"]
[Black "Koehler, Gerhard"]
[Result "0-1"]
[ECO "E76"]
[WhiteElo "1803"]
[BlackElo "2241"]
[Annotator "TA"]
[PlyCount "106"]
[EventDate "2023.01.24"]
[EventType "swiss"]
[EventCountry "GER"]
[SourceTitle "playchess.com"]
[Source "ChessBase"]
[SourceQuality "1"]
[TimeControl "40/5400+30:1800+30"]

1. d4 Nf6 2. c4 g6 3. Nc3 Bg7 4. e4 d6 5. f4 c5 6. dxc5 Qa5 {[%emt 0:00:21] E76: King's Indian: Four Pawns Attack: Lines specific to 6 Nf3 move-order.} 7. Qa4+ (7. Bd3 $11) 7... Qxa4 $17 8. Nxa4 Nxe4 {[%emt 0:00:15] Black is better.} 9. cxd6 Nxd6 10. Bd2 {[%emt 0:00:40] [#]} Ne4 $146 ({Predecessor:} 10... Be6 11. Rc1 Ne4 12. Nf3 Nxd2 13. Nxd2 Nc6 14. g3 Rd8 15. Bg2 Nb4 16. Ke2 Bg4+ 17. Bf3 Rxd2+ 18. Kxd2 Bxf3 19. Rhf1 Bg2 20. Rf2 Bc6 21. Nc5 Bd4 {0-1 Picazo,P-Garcia,P Albacete-ch Preferente 1994}) 11. Nf3 Nxd2 12. Nxd2 (12. Kxd2 $142 O-O 13. Rd1) 12... Nc6 13. a3 O-O 14. Nf3 Bf5 15. Be2 Bc2 {[%emt 0:03:14] Black is more active. This pair of bishops is nice.} ({Black should play} 15... Rac8 16. Nc3 Na5) 16. Nc3 Bxc3+ 17. bxc3 Na5 18. Ra2 Be4 19. O-O Rac8 20. Nd2 (20. Ng5 $142 Bf5 21. g4) 20... Bf5 21. Rb2 b6 22. Rb4 (22. Rf3 $17 {was necessary.}) 22... Rfd8 $19 23. Nf3 Be6 24. Nd4 (24. Re1 $17) 24... Bxc4 25. f5 (25. Bxc4 $142 Nxc4 26. Re1) 25... Bxe2 26. Nxe2 Rd2 27. fxg6 (27. Re4 {keeps fighting.}) 27... hxg6 (27... Rxe2 28. gxf7+ Kh8 29. f8=Q+ (29. f8=B Nc4 $11) 29... Rxf8 30. Rxf8+ Kg7 31. Rc8 $18) 28. Ng3 Ra2 (28... Rxc3 29. Ne4 Rcc2 30. Nxd2 Rxd2 31. Rbb1 $11) 29. Rbf4 f6 (29... Rxc3 30. Rxf7 Rc8 31. Rxe7 $11) 30. Re1 Kf7 (30... Rxa3 31. Rxe7 f5 32. Rxa7 $17) 31. Rh4 Nc6 ({Stronger than} 31... Rxc3 32. Rh7+ Kg8 33. Rexe7 $11) 32. a4 Ne5 {[%emt 0:02:57] Wards off Rc4} 33. Rh7+ Ke6 34. Ne2 Rxa4 35. Rd1 Nc6 36. Nd4+ $2 {[%emt 0:04:10] [#]} (36. h4 {was worth a try.}) 36... Nxd4 37. Re1+ Kd6 38. cxd4 {[%emt 0:00:46][%mdl 4096] Endgame KRR-KRR} Rc7 (38... Rxd4 $2 {loses.} 39. Rhxe7 $19) 39. d5 a5 (39... Kxd5 $2 {is the wrong capture.} 40. Rg7 $19) 40. Re6+ Kxd5 41. Rxb6 Ra2 (41... Rc1+ $142 42. Kf2 Rc2+ 43. Kg3 Rc3+ 44. Kf2 Ra2+ {[%mdl 64] Skewer} 45. Rb2 Rxb2+ 46. Kg1 Rc1#) 42. h3 a4 {[%emt 0:00:00] [#] ...Rc1+ would be deadly.} 43. Kh2 (43. Rb5+ $142 Kd6 44. Rb6+ Kd5 45. Rb5+ Kc4 46. Rb6) 43... Rcc2 44. Rxe7 Rxg2+ 45. Kh1 Rgc2 {[%emt 0:00:00] ( -> ...Rc1+). Black is clearly winning.} 46. Re1 {[%emt 0:00:00] Against Rc1} Rf2 (46... a3 $142 47. Rxf6 Rh2+ 48. Kg1 Rag2+ 49. Kf1 a2) 47. Kg1 a3 48. Rb3 Rg2+ 49. Kh1 Rgd2 (49... Rh2+ $142 50. Kg1 Rag2+ 51. Kf1 Rb2) 50. Rc1 Kd4 (50... Rh2+ $142 51. Kg1 Rag2+ 52. Kf1 Rb2) 51. Kg1 Rd3 52. Rb4+ Ke3 53. Rg4 Rb2 {[%emt 0:00:00] Weighted Error Value: White=0.81/Black=0.48} 0-1

[Event "39th OBSenEM 2023"]
[Site "Berlin"]
[Date "2023.01.24"]
[Round "1.3"]
[White "Grunewald, Peter"]
[Black "Ahlberg, Matthias"]
[Result "0-1"]
[ECO "B13"]
[WhiteElo "1798"]
[BlackElo "2207"]
[Annotator "TA"]
[PlyCount "58"]
[EventDate "2023.01.24"]
[EventType "swiss"]
[EventCountry "GER"]
[SourceTitle "playchess.com"]
[Source "ChessBase"]
[SourceQuality "1"]
[TimeControl "40/5400+30:1800+30"]

1. e4 c6 2. d4 d5 3. exd5 cxd5 4. Nf3 Nc6 5. Be2 Bg4 6. O-O {[%emt 0:00:22] B13: Caro-Kann: Exchange Variation and Panov-Botvinnik Attack.} Nf6 7. h3 Bh5 8. c3 {[%emt 0:01:26] The position is equal.} e6 9. Ne5 Bxe2 10. Qxe2 Be7 11. Nd2 O-O {[%emt 0:01:32] [#]} 12. Nb3 $146 ({Predecessor:} 12. Ndf3 Ne4 13. Nh2 Nxe5 14. dxe5 Rc8 15. Be3 Bc5 16. Rad1 Qb6 17. Bxc5 Nxc5 18. Rd4 {1-0 Kiss,I (1825)-Ortiz,H (1582) CAN-ch Seniors 2010 (5)}) 12... a6 13. Bf4 Rc8 14. Rfe1 Ne4 15. f3 Nf6 16. Bh2 Na5 17. Nxa5 Qxa5 18. a3 Qb6 19. g4 Rfd8 20. Bg3 Ne8 21. Bf2 Nd6 22. Rab1 Bf6 23. Nd3 Nc4 24. Ne5 Na5 25. f4 g6 26. b4 (26. h4 $11) 26... Nc4 $15 27. Nxc4 Rxc4 28. Qd2 ({White has to play} 28. Qf3 $1 $15) 28... Rdc8 $17 29. Rbc1 (29. Rec1 $17 {was called for.}) 29... Qc7 {[%emt 0:00:34] Weighted Error Value: White=0.19 (very precise) /Black=0.05 (flawless)} 0-1

[Event "39th OBSenEM 2023"]
[Site "Berlin"]
[Date "2023.01.24"]
[Round "1.4"]
[White "Postler, Reinhard"]
[Black "Windmueller, Werner"]
[Result "1-0"]
[ECO "C41"]
[WhiteElo "2202"]
[BlackElo "1797"]
[Annotator "TA"]
[PlyCount "57"]
[EventDate "2023.01.24"]
[EventType "swiss"]
[EventCountry "GER"]
[SourceTitle "playchess.com"]
[Source "ChessBase"]
[SourceQuality "1"]
[TimeControl "40/5400+30:1800+30"]

1. e4 e5 2. Nf3 d6 3. d4 Bg4 4. dxe5 Bxf3 5. Qxf3 Nc6 (5... dxe5 $16 6. Qb3 Nd7) 6. exd6 {[%emt 0:03:30] C41: Philidor Defence.} (6. Qb3 $18) 6... Bxd6 $16 {[%emt 0:00:23] [#]} 7. Be3 $146 ({Predecessor:} 7. Bc4 Nf6 8. O-O h6 9. Re1 Nd4 10. Qd3 c5 11. Bd2 Be5 12. f4 Bc7 13. Nc3 {1-0 Hutterer,V (975)-Schwarz,T (912) Styrian op U08/12 27th 2021 (8)}) 7... Qf6 8. Qxf6 {[%emt 0:01:30] White is clearly better.} Nxf6 {[%emt 0:00:40] [#]} 9. f3 a6 10. Nd2 Nb4 11. Kd1 Rd8 (11... Nd7 $142 12. c3 Nc6) 12. c3 $18 Nc6 13. Kc2 O-O 14. Nc4 b5 15. Nxd6 cxd6 16. Bg5 h6 17. Bxf6 gxf6 18. Rd1 Ne5 19. Be2 Ng6 20. Rd2 Nf4 21. g3 Nxe2 22. Rxe2 {[%emt 0:00:01][%mdl 4096] Endgame KRR-KRR} Rfe8 23. Rd2 Kf8 24. Rhd1 Re6 25. Rd5 Ke7 {[%emt 0:00:26] [#]} 26. a4 $1 Rb8 (26... bxa4 27. Ra5) 27. axb5 {[%emt 0:00:26] White is winning.} axb5 28. R1d4 Rb6 29. Rh5 {[%emt 0:01:26] Weighted Error Value: White=0.15 (very precise) /Black=0.32} 1-0

[Event "39th OBSenEM 2023"]
[Site "Berlin"]
[Date "2023.01.25"]
[Round "2.1"]
[White "Koehler, Gerhard"]
[Black "Schellknecht, Joerg"]
[Result "1-0"]
[ECO "A17"]
[WhiteElo "2241"]
[BlackElo "1903"]
[Annotator "TA"]
[PlyCount "115"]
[EventDate "2023.01.24"]
[EventType "swiss"]
[EventCountry "GER"]
[SourceTitle "playchess.com"]
[Source "ChessBase"]
[SourceQuality "1"]
[TimeControl "40/5400+30:1800+30"]

1. c4 e6 2. Nc3 Nf6 3. Nf3 d5 4. e3 c5 5. cxd5 Nxd5 6. Be2 {[%emt 0:00:58] A17: English Opening: 1...Nf6 with ...Bb4.} Nc6 7. O-O Be7 8. d3 {[%emt 0:01:53] The position is equal.} O-O 9. Bd2 b6 10. a3 Bb7 11. Rb1 {[%emt 0:00:24] [#]} Bf6 $146 ({Predecessor:} 11... e5 12. b4 cxb4 13. Nxd5 Qxd5 14. axb4 e4 15. dxe4 Qxe4 16. Qb3 {½-½ Marangunic,S (2460)-Horvath,T (2460) AUT-chT2S 9394 1993}) 12. Ne4 Be7 13. Qa4 f5 ({Better is} 13... Qe8 $15) 14. Nc3 Bf6 15. Rfc1 Ne5 16. Ne1 Qe8 17. Qxe8 Rfxe8 18. b4 Be7 (18... cxb4 $11 19. Nxd5 Bxd5 20. Bxb4 Rac8) 19. bxc5 $16 Bxc5 20. Nb5 (20. Nxd5 $1 $16 Bxd5 21. d4 Bxa3 22. Rc3 (22. dxe5 Bxc1 23. Bxc1 Rec8 $14)) 20... a6 $11 21. d4 axb5 22. dxc5 bxc5 23. Bxb5 Re7 24. a4 Rc7 25. Rb2 (25. Nf3 $14 Nf7 26. h3) 25... Ba6 26. f3 Bxb5 27. axb5 Nd7 (27... c4 $5 28. b6 Rb7 $15) 28. Kf2 (28. Nd3 $11 {deserves consideration.}) 28... Kf7 29. Ke2 g6 30. Rc4 N5b6 {[%emt 0:02:45] A dynamic duo of knights.} 31. Rc1 Ra3 32. e4 e5 33. Nc2 Ra4 34. exf5 gxf5 35. Ne3 {[%emt 0:00:17] Repels Nc4} Ke6 36. Rbc2 c4 37. Bc3 (37. Nd1 $11) 37... Nc5 $15 38. Rd1 Rd7 ({Black should try} 38... f4 $17 39. Ng4 Nd3) 39. Rxd7 $11 Ncxd7 40. g4 {[%emt 0:01:30] [#]} (40. g3 $11 {remains equal.}) 40... f4 $1 $17 41. Nd1 Ra3 (41... Nc5 $17 42. Kf1 Nd5) 42. Bb4 $132 {[%emt 0:03:34][%mdl 2048] White is fighting back} Rb3 43. Rb2 Nd5 44. Rxb3 cxb3 {[%emt 0:00:00][%mdl 4096] Endgame KBN-KNN} 45. Ba3 N7b6 (45... Nc7 $5 46. Nc3 $8 Nd5 $11) 46. Kd3 {[%emt 0:00:00] Wards off Nc4} Nc7 47. Nc3 Nbd5 48. Nxd5 Nxb5 49. Nxf4+ exf4 {[%emt 0:00:01] KB-KN} 50. Bb2 {[%emt 0:00:00] Kc4 is the strong threat.} Kd5 51. h4 Nd6 52. Bc1 Nc4 {[%emt 0:00:41] ...b2 would be deadly.} 53. Bxf4 b2 54. Kc2 Kd4 55. h5 {[%emt 0:00:00] Hoping for g5.} Ne5 $2 (55... Kd5 $11) 56. Bxe5+ {[%emt 0:00:00] White mates.} (56. Kxb2 Nd3+ 57. Kc2 Nxf4 $19) 56... Kxe5 57. g5 Kf5 {[%emt 0:00:02] [#]} 58. f4 $1 {[%emt 0:00:00][%mdl 64] Promotion.   Weighted Error Value: White=0.15 (very precise) /Black=0.29 (precise)} ({Not} 58. Kxb2 Kxg5 59. Kc2 Kxh5 $11) 1-0

[Event "39th OBSenEM 2023"]
[Site "Berlin"]
[Date "2023.01.25"]
[Round "2.2"]
[White "Rollwitz, Juergen"]
[Black "Hess, Christian"]
[Result "0-1"]
[ECO "C01"]
[WhiteElo "1901"]
[BlackElo "2215"]
[Annotator "TA"]
[PlyCount "82"]
[EventDate "2023.01.24"]
[EventType "swiss"]
[EventCountry "GER"]
[SourceTitle "playchess.com"]
[Source "ChessBase"]
[SourceQuality "1"]
[TimeControl "40/5400+30:1800+30"]

1. e4 e6 2. d4 d5 3. exd5 exd5 4. Nf3 Nf6 5. Be2 Bd6 6. O-O O-O 7. Bg5 Nbd7 {[%emt 0:04:04] C01: French: Exchange Variation.} 8. Nbd2 c6 9. c3 Qc7 {[%emt 0:15:12] [#] The position is equal.} 10. Bh4 $146 ({Predecessor:} 10. h3 h6 11. Be3 Ne4 12. Bd3 Ndf6 13. Qc2 Re8 14. Rae1 Bd7 15. b3 Rad8 16. c4 {0-1 Weidenhoefer,R (1392)-Schanz,K (1818) Mittelfranken-ch QT 55th 2006 (1)}) 10... Ne4 11. Bg3 (11. Qc2 $5 ) 11... Nxg3 12. hxg3 Nf6 13. Re1 Bd7 14. Bd3 Rae8 15. Nf1 Rxe1 16. Qxe1 Re8 17. Qb1 g6 {[%emt 0:08:21] Black is more active.} 18. Qc2 c5 19. Re1 Rxe1 20. Nxe1 cxd4 21. cxd4 Qa5 22. Nf3 (22. Qb1 $15) 22... Qxa2 $19 23. Ne5 Qa4 24. Nxd7 Qxd7 25. Ne3 Bc7 26. Be2 Bb6 27. Qd3 Qa4 28. Nc2 (28. Bf3 $17) 28... Qa2 29. b3 (29. b4 {keeps fighting.}) 29... Qb1+ 30. Bd1 Ne4 31. Nb4 Qxd3 32. Nxd3 Bxd4 {[%emt 0:00:11][%mdl 4096] Endgame KBN-KBN} 33. Kf1 Kg7 34. Ke1 h5 35. Bf3 Kf6 36. g4 h4 37. Ke2 a5 38. Nf4 Ke5 (38... Nxf2 $2 {too greedy.} 39. Nxd5+ Kg5 40. Nc7 $19) (38... Bxf2 $2 39. Nxd5+ (39. Bxe4 $2 dxe4 40. Kxf2 Kg5 $19) 39... Ke5 40. Nc7 $19) 39. Nd3+ Kd6 {[%emt 0:00:26] [#] Hoping for ...Ng5.} 40. Ke1 b5 41. Ke2 (41. Bd1 $142) 41... a4 {[%emt 0:32:19] Weighted Error Value: White=0.36/Black=0.05 (flawless)} 0-1

[Event "39th OBSenEM 2023"]
[Site "Berlin"]
[Date "2023.01.25"]
[Round "2.3"]
[White "Ahlberg, Matthias"]
[Black "Jaeger, Andre"]
[Result "1/2-1/2"]
[ECO "B40"]
[WhiteElo "2207"]
[BlackElo "1898"]
[Annotator "TA"]
[PlyCount "192"]
[EventDate "2023.01.24"]
[EventType "swiss"]
[EventCountry "GER"]
[SourceTitle "playchess.com"]
[Source "ChessBase"]
[SourceQuality "1"]
[TimeControl "40/5400+30:1800+30"]

1. e4 c5 2. Nc3 e6 3. Nf3 a6 4. g3 b5 5. Bg2 Bb7 6. d3 d6 {[%emt 0:02:41] B40: Sicilian: 2...e6, Unusual lines.} 7. Be3 Nd7 8. O-O Be7 9. h3 Qc7 10. Nh2 Ngf6 11. f4 {[%emt 0:07:39] [#]} g6 $146 (11... d5 $5 12. e5 d4 13. Bxb7 (13. exf6 Nxf6 14. Bxb7 Qxb7 $11) 13... Qxb7 14. exf6 Nxf6 $11) ({Predecessor:} 11... b4 12. Ne2 Nb6 13. b3 d5 14. e5 Nfd7 15. d4 cxd4 16. Nxd4 Bc5 17. Nhf3 g6 {0-1 Saraos,C (1742)-Quizon,D (2035) PHI-ch U10 San Antonio 2014 (7)}) 12. g4 h5 13. g5 Ng8 14. d4 cxd4 (14... Rc8 $14) 15. Qxd4 $16 Rh7 16. Qd2 (16. Rf2 $16) 16... Nb6 17. b3 {[%emt 0:09:23] Prevents Nc4} (17. Bxb6 $14 Qxb6+ 18. Kh1) 17... Rc8 $11 18. Nd1 d5 19. e5 Bc5 20. Rc1 Ne7 21. Nf3 Nf5 22. c3 Rh8 23. Nd4 Nxe3 24. Nxe3 Ke7 (24... Kf8 {simplifies} 25. Kh1 Kg8 26. Rc2 Nd7) 25. Rc2 (25. Kh1 $11 {is superior.}) 25... Bxd4 $2 (25... Rhe8 $15 {stays ahead.}) 26. cxd4 $16 Qb8 27. Qb4+ Kd7 $2 (27... Kd8 $16 28. Rfc1 Rxc2 29. Rxc2 Nd7) 28. Rc5 $2 (28. f5 $18 {Intending fxe6+ and mate.} gxf5 29. Rcf2) 28... Rxc5 $1 $14 29. dxc5 Na8 {[%emt 0:00:54] Black is weak on the dark squares} (29... Nc8 $14) 30. Nc2 $18 Rc8 31. Nd4 Bc6 32. Qa3 Nc7 33. b4 Qa7 $2 (33... a5 $16 {is more resistant.}) 34. Nb3 $2 (34. Qd3 $18 Qa8 35. f5 gxf5 36. Rxf5) 34... Ra8 35. Rd1 Ne8 36. Na5 Nc7 37. Qd3 Rc8 38. h4 Qa8 39. Qd4 Ne8 40. Bf1 Ng7 41. Qf2 (41. Bd3 $18) 41... Nf5 $16 42. Bd3 Ne7 43. Bc2 Ke8 44. Nb3 Rd8 45. Rd4 (45. a3 $16) 45... Qb7 (45... Bd7 $1 $11) 46. Qd2 Qc7 47. Rd3 ({Better is} 47. a3 $14) 47... Nf5 (47... Bd7 $1 $11) 48. Rh3 $36 {[%emt 0:00:00][%mdl 2048] Black must now prevent Bxf5. Keeping Black busy.} Ne7 49. Nd4 Qd7 $2 (49... Kf8 $16 {is a better defense.}) 50. Bd3 $2 (50. f5 $18 gxf5 51. Bd1) 50... Ra8 $2 (50... Qc7 $16 {keeps fighting.}) 51. Qe2 Kf8 52. Kf2 $2 (52. f5 $1 $18 exf5 53. e6) 52... Kg7 53. Rh1 Ra7 (53... Bb7 $14) 54. Rb1 {[%emt 0:00:00] White is much more active.} (54. f5 $1 $16 {[%cal Rf5f6] f6+ would be deadly.} exf5 55. Kg2 (55. e6 Qc7 $11)) 54... Ra8 55. Rb3 (55. a3 {seems wilder.} Bb7 56. Kg3 Nc6 57. Nf3) 55... Kg8 (55... a5 $14) 56. Ra3 Kg7 57. Ra5 Bb7 58. Ke3 Nc6 59. Nxc6 Qxc6 60. Kd4 $1 Kf8 (60... Bc8 $142) 61. Qc2 Kg7 62. Qd1 (62. a4 $142 bxa4 63. Qxa4) 62... Rb8 63. Bc2 Bc8 64. Qa1 Bd7 65. Qb2 Qb7 66. Qa3 {[%emt 0:00:00] The board is on fire.} Ra8 67. Qc3 Rb8 68. Bd1 Bc6 69. Qe3 Bd7 70. Kc3 (70. Bf3 $16) 70... Bc6 (70... d4+ $1 $11 71. Qxd4 (71. Kxd4 $2 Qd5+ {[%mdl 64] Skewer} 72. Kc3 Qxd1 $19) 71... Bc8) 71. Qd4 Bd7 72. Be2 Bc6 73. Qd1 ({White should play} 73. Kb3 $16) 73... Kf8 (73... d4+ $1 $11 74. Qxd4 (74. Kxd4 $2 {too greedy.} Rd8+ {[%mdl 64] Skewer} 75. Kc3 Rxd1 $19) 74... Ra8) 74. Kd4 Ke7 75. Ra3 Ra8 76. Qd2 Kf8 77. Bd3 Ke7 78. Qc2 {[%emt 0:00:56][%cal Od3g6] Hoping for Bxg6!} Kf8 79. Qb1 Kg7 80. Bc2 Bd7 81. Rc3 (81. Ra5 $16) 81... Bc6 82. Rf3 Bd7 {[%emt 0:00:00] [#]} (82... a5 $11) 83. Qf1 ({White should try} 83. Ra3 $1 $16) 83... Qc6 84. Qb1 (84. Bb3 $11 {feels stronger.}) 84... Qb7 {[%emt 0:00:00] [#]} 85. Ra3 $1 Bc6 86. Ra5 Rb8 87. Bd3 Ra8 88. Qc2 Kf8 89. Ra3 Kg7 90. Qe2 Bd7 91. Ra5 Bc6 92. Kc3 (92. Qf2 $16) 92... Rb8 (92... d4+ $11 {remains equal.} 93. Kb2 Rd8) 93. Qc2 (93. Qf2 $16) 93... Bd7 (93... d4+ $11 94. Kb2 Rd8) 94. Qb1 (94. Qf2 $16) 94... Ra8 95. Qf1 Rb8 (95... d4+ $1 $11 {keeps the balance.} 96. Kxd4 Qd5+ 97. Kc3 Bc6) 96. Bc2 (96. Qg1 $16) 96... Bc6 {[%emt 0:00:00] Weighted Error Value: White=0.39/Black=0.39} (96... d4+ $1 $11 97. Kxd4 Bc6) 1/2-1/2

[Event "39th OBSenEM 2023"]
[Site "Berlin"]
[Date "2023.01.26"]
[Round "3.1"]
[White "Jandke, Manfred"]
[Black "Koehler, Gerhard"]
[Result "1/2-1/2"]
[ECO "E60"]
[WhiteElo "2061"]
[BlackElo "2241"]
[Annotator "TA"]
[PlyCount "40"]
[EventDate "2023.01.24"]
[EventType "swiss"]
[EventCountry "GER"]
[SourceTitle "playchess.com"]
[Source "ChessBase"]
[SourceQuality "1"]
[TimeControl "40/5400+30:1800+30"]

1. c4 Nf6 2. g3 g6 3. Bg2 Bg7 4. Nf3 O-O 5. d4 d6 6. O-O Nc6 7. b3 a6 8. Bb2 Rb8 {[%emt 0:00:21] E60: King's Indian: Unusual lines and Fianchetto Variation without Nc3.} 9. Qc1 Bd7 10. Rd1 {[%emt 0:02:06] [#]} Qc8 $146 ({Predecessor:} 10... b5 11. d5 Na5 12. c5 dxc5 13. Qxc5 Nc4 14. Bd4 Ne4 15. Qb4 e5 16. Ba7 a5 {1-0 Dreev,A (2657)-Eminov,O (2291) TUR-chT 1st League 2018 (8.1)}) 11. d5 Na7 12. e4 c5 (12... e5 $14) 13. e5 $16 Ne8 14. a4 Bg4 15. Re1 Bxf3 16. Bxf3 dxe5 17. Bxe5 Bxe5 18. Rxe5 Qc7 19. Qe3 Nc8 20. Nc3 {[%emt 0:05:47][%cal Od5d6] White is more active.} Ned6 {[%emt 0:47:14] Weighted Error Value: White=0.09 (flawless) /Black=0.07 (flawless)} 1/2-1/2

[Event "39th OBSenEM 2023"]
[Site "Berlin"]
[Date "2023.01.26"]
[Round "3.2"]
[White "Hess, Christian"]
[Black "Wolf, Christian"]
[Result "1/2-1/2"]
[ECO "D30"]
[WhiteElo "2215"]
[BlackElo "2083"]
[Annotator "TA"]
[PlyCount "79"]
[EventDate "2023.01.24"]
[EventType "swiss"]
[EventCountry "GER"]
[SourceTitle "playchess.com"]
[Source "ChessBase"]
[SourceQuality "1"]
[TimeControl "40/5400+30:1800+30"]

1. Nf3 d5 2. e3 Nf6 3. c4 e6 4. d4 Nbd7 5. Nbd2 Be7 6. b3 b6 7. Bb2 Bb7 8. Bd3 dxc4 9. bxc4 c5 10. O-O O-O 11. Qe2 cxd4 12. exd4 Re8 {[%emt 0:00:38] D30: Queen's Gambit Declined: Systems without Nc3.} 13. Rad1 Qc7 14. Rfe1 Rad8 {[%emt 0:06:56] [#]} 15. Rc1 $146 ({Predecessor:} 15. h3 Nh5 16. Bb1 Nf4 17. Qf1 Nf6 18. Re3 Bd6 19. g3 {½-½ Shaposhnikov,E (2550)-Pashikian,A (2525) Saratov Aratovsky Memorial 6th 2006 (7)}) 15... Qf4 16. h3 Bb4 {[%emt 0:02:57][%cal Oe6e5] aiming for ...e5!} 17. Red1 Qb8 18. Rb1 Qa8 19. Qf1 Bd6 (19... Nh5 {simplifies} 20. Bc1 Bxd2 21. Nxd2 Bxg2 22. Bxh7+ Kxh7 23. Qxg2 Qxg2+ 24. Kxg2 Nf4+) 20. Re1 Nh5 21. Ng5 (21. Be4 {simplifies} Nhf6 22. Bxb7 Qxb7 23. Qe2) 21... Nf4 $2 (21... Ndf6 $11) 22. Bxh7+ $18 (22. Nxh7 $2 Bxg2 23. Be4 Bxf1 $19) 22... Kf8 23. Be4 {[%emt 0:02:59] Threatens to win with g3.} e5 {[%emt 0:03:44] [#]} (23... Nf6 $142) 24. c5 $2 Be7 $16 25. Bxb7 (25. Ndf3 {feels hotter.} Bxe4 26. Rxe4 Bxg5 27. Nxg5 f6 28. Qc4) 25... Qxb7 26. Nde4 (26. Ndf3 $1 $16) 26... exd4 $1 $11 27. Bxd4 (27. g3 $5 Ne6 28. Nxe6+ fxe6 29. cxb6 $16 (29. Bxd4 e5 $11)) 27... Bxg5 28. Nxg5 (28. c6 Qxc6 29. Nxg5 Qg6 $17) 28... Qd5 29. Nf3 {[%emt 0:03:20][%cal Rc5b6] Some like it hot} bxc5 30. Be3 Nxh3+ {[%emt 0:01:47][%mdl 64] Deflection. Excellent horsemanship.} 31. Kh2 $1 Qh5 $2 (31... Nf6 $11) 32. Kg3 $2 (32. g4 $18 Qxg4 33. Qxh3 Qxh3+ 34. Kxh3) 32... Re6 (32... Qg6+ $1 $11 33. Kxh3 (33. Kh2 Qg4 $11) 33... Qh5+ 34. Nh4 g5 35. Bxg5 Qxg5) 33. Bxc5+ $2 (33. gxh3 $16 {keeps the pressure on. And now Bg5 would win.} Rg6+ 34. Ng5 (34. Bg5 Rxg5+ 35. Nxg5 Qxg5+ 36. Kh2 Qf4+ 37. Kh1 Nf6 $14)) 33... Nxc5 $19 ({Stronger than} 33... Qxc5 34. Rxe6 Nxf2 35. Qxf2 $11 (35. Ree1 Nf6 $17)) 34. Rxe6 {[%emt 0:00:06] [#] Re5 would be deadly.} Nxe6 ({Not} 34... fxe6 35. gxh3 Nd3 36. Rb7 $17) (34... Ng5 $1 $19 {[%cal Rg5e6] has better winning chances.} 35. Qh1 Qxh1 36. Rxh1 Ngxe6) 35. gxh3 $17 Ng5 (35... Qg6+ $17 36. Kh2 Nf4) 36. Nxg5 (36. Rb3 $1 $11) 36... Qxg5+ 37. Kh2 {[%emt 0:00:10] [#]} Qf4+ (37... Qd2 $1 $17 38. a3 Qd6+ 39. Kg2 Kg8) 38. Kg2 (38. Kg1 $11 {remains equal.}) 38... Rd5 (38... Rd2 $17 39. a4 Ra2) 39. Rb3 Qe4+ 40. Kh2 {[%emt 0:01:07] What a bad dream for Black.   Weighted Error Value: White=0.47/Black=0.54} 1/2-1/2

[Event "39th OBSenEM 2023"]
[Site "Berlin"]
[Date "2023.01.26"]
[Round "3.4"]
[White "Zaeske, Winfried"]
[Black "Syre, Christian"]
[Result "0-1"]
[ECO "B07"]
[WhiteElo "1985"]
[BlackElo "2197"]
[Annotator "TA"]
[PlyCount "62"]
[EventDate "2023.01.24"]
[EventType "swiss"]
[EventCountry "GER"]
[SourceTitle "playchess.com"]
[Source "ChessBase"]
[SourceQuality "1"]
[TimeControl "40/5400+30:1800+30"]

1. e4 d6 2. d4 Nf6 3. Nc3 g6 4. Bg5 c6 5. Qd2 b5 6. Bd3 Nbd7 7. Nf3 {[%emt 0:01:48] was the old line (7.f4). B07: Pirc Defence: Miscellaneous Systems.} h6 8. Bf4 g5 9. Bg3 {[%emt 0:05:58] White is slightly better.} Nh5 {[%emt 0:00:05] [#]} 10. e5 $146 ({Predecessor:} 10. a4 b4 11. Nd1 a5 12. Ne3 Nb6 13. O-O Bg7 14. c3 bxc3 15. bxc3 Qc7 16. Qe2 {0-1 Santo Roman,M (2495)-Zaichik,G (2470) Olympiad-30 Manila 1992 (11.4)}) 10... Nb6 11. Qe2 d5 {[%emt 0:10:39] [#]} 12. e6 Bxe6 $11 13. Ne5 Nxg3 14. fxg3 (14. hxg3 $11 {keeps the balance.} Qd6 15. Nxc6) 14... Rc8 (14... Qd6 $17 {White must now prevent ...b4.} 15. Nxc6 b4) 15. Rf1 (15. Ng6 $1 $11 Rg8 16. Nxf8 Rxf8 17. O-O) 15... Bg7 $17 16. O-O-O Nc4 (16... b4 $17 17. Nb1 Nd7) 17. Nxf7 $2 Bxf7 $19 18. Rxf7 Kxf7 19. Rf1+ Bf6 20. Bf5 {[%emt 0:00:46] [#]} Kg7 $1 21. Qf3 {[%emt 0:05:00] [#]} (21. Bxc8 Qxc8) 21... Qd6 $1 22. Ne2 (22. Bxc8 Rxc8) 22... Rcf8 23. Qh5 Rfg8 ({Not} 23... Kg8 24. Qg6+ Bg7 25. Be6+ $18) 24. Bd3 Kf8 25. Qg4 h5 26. Qf3 Qb4 27. b3 Qd2+ 28. Kb1 Qb4 {[%emt 0:00:20] Threatens to win with ...Nd2+.} 29. Kc1 Nd2 {[%emt 0:00:20][%cal Bc4d2,Bd2f3,Bf3h2][%mdl 32] Black is clearly winning.} 30. c3 Nxf3 31. cxb4 Nxh2 {[%emt 0:00:11] Weighted Error Value: White=0.71/Black=0.29 (precise)} 0-1

[Event "39th OBSenEM 2023"]
[Site "Berlin"]
[Date "2023.01.27"]
[Round "4.1"]
[White "Syre, Christian"]
[Black "Niehaus, Frank"]
[Result "1/2-1/2"]
[ECO "E90"]
[WhiteElo "2197"]
[BlackElo "2089"]
[Annotator "TA"]
[PlyCount "47"]
[EventDate "2023.01.24"]
[EventType "swiss"]
[EventCountry "GER"]
[SourceTitle "playchess.com"]
[Source "ChessBase"]
[SourceQuality "1"]
[TimeControl "40/5400+30:1800+30"]

1. d4 Nf6 2. c4 g6 3. Nc3 Bg7 4. e4 d6 5. Nf3 O-O 6. h3 e5 7. dxe5 dxe5 8. Qxd8 Rxd8 9. Bg5 Re8 10. Nd5 Nxd5 11. cxd5 c6 12. Bc4 cxd5 13. Bxd5 Nc6 {[%emt 0:00:08] has lost popularity (13...Nd7).} 14. O-O {[%emt 0:00:24] [#] E90: King's Indian: Classical: Early deviations and 6 h3.} Nb4 $146 ({Predecessor:} 14... Be6 15. Bxe6 Rxe6 16. Rfd1 f6 17. Be3 Bf8 18. Kf1 Rd6 19. Rxd6 Bxd6 20. Rd1 Rd8 21. Ke2 Kf7 {½-½ Georgiev,K (2657)-Spasov,V (2566) BUL-ch 77th Bankia 2013 (10)}) 15. Bc4 h6 16. Bd2 Nc6 17. Rac1 a6 18. Rfd1 Be6 19. Bxe6 Rxe6 20. Be1 Re7 21. Rd5 Rae8 22. Kf1 Kh7 23. a4 Kg8 24. b4 {[%emt 1:32:18] Weighted Error Value: White=0.11 (very precise) /Black=0.15 (very precise)} 1/2-1/2